 Dungeon Crawl Stone Soup version 0.29-a0-1065-g47a6bb87d6 (webtiles) character file.

Game seed: 15820242953875501882

118 Newt the Cutter (level 4, -13/35 HPs)
             Began as a Demonspawn Gladiator on Aug 18, 2022.
             Killed by divine providence
             ... invoked by an orc priest
              (17 damage)
             ... on level 3 of the Dungeon.
             The game lasted 00:04:39 (3226 turns).

Newt the Cutter (Demonspawn Gladiator)              Turns: 3226, Time: 00:04:40

Health: -13/35     AC: 15    Str: 16    XL:     4   Next: 72%
Magic:  13/13      EV:  7    Int: 10    God:
Gold:   92         SH:  0    Dex: 14    Spells: 3/3 levels left

rFire   . . .      SeeInvis +   a - +0 rapier
rCold   . . .      Faith    .   (no shield)
rNeg    + . .      Spirit   .   r - +3 chain mail of Grace {rN+ SInv}
rPois   .          Reflect  .   c - +0 helmet
rElec   .          Harm     .   (no cloak)
rCorr   .          Rampage  .   (no gloves)
Will    .....                   (no boots)
Stlth   ..........              (no amulet)
HPRegen 0.11/turn               f - ring of magical power
MPRegen 0.13/turn               (no ring)

@: no status effects
A: thin metallic scales 2
a: no special abilities


You were on level 3 of the Dungeon.
You visited 1 branch of the dungeon, and saw 3 of its levels.

You collected 92 gold pieces.

Inventory:

Hand Weapons
 a - a +0 rapier (weapon)
 b - a +0 sling
Missiles
 d - 2 throwing nets (quivered)
 e - a javelin
 i - 14 stones
Armour
 c - a +0 helmet (worn)
 n - a +0 leather armour
 q - a +0 chain mail
 r - the +3 chain mail of Grace (worn) {rN+ SInv}
   (You found it on level 2 of the Dungeon)

   rN:        It protects you from negative energy.
   SInv:      It lets you see invisible.
Jewellery
 f - a ring of magical power (left hand)
Scrolls
 g - a scroll of enchant weapon {unknown}
 h - a scroll of immolation {unknown}
 l - a scroll of fog {unknown}
 o - 2 scrolls of teleportation {unknown}
 t - a scroll of poison {unknown}
 u - a scroll of fear {unknown}
Potions
 j - a potion of mutation
 k - a potion of curing {unknown}
 m - a potion of lignification {unknown}
 p - 2 potions of degeneration
 s - a potion of ambrosia {unknown}


   Skills:
 + Level 3.1 Fighting
 - Level 4.0 Short Blades
 - Level 1.7 Throwing
 - Level 2.6 Dodging
 - Level 2.0 Stealth


You had 3 spell levels left.
You didn't know any spells.
Your spell library was empty.

Dungeon Overview and Level Annotations

Branches:
Dungeon (3/15)

Altars:
Cheibriados
Sif Muna


Innate Abilities, Weirdness & Mutations

You are mostly covered in thin metallic scales. (AC +3)


Message History

You are too injured to fight recklessly!
You are too injured to fight recklessly!
You are too injured to fight recklessly!
You are too injured to fight recklessly!
You are too injured to fight recklessly!
You are too injured to fight recklessly!
You are too injured to fight recklessly!
You are too injured to fight recklessly!
You are too injured to fight recklessly!
You are too injured to fight recklessly!
You are too injured to fight recklessly!
You are too injured to fight recklessly!
You are too injured to fight recklessly!
You are too injured to fight recklessly!
You are too injured to fight recklessly!
Throw: 4 throwing nets
Press: ? - help, Q - select action, (/) - cycle Shift-Dir - straight line, f - orc priest
Aim: an orc priest, wielding a +0 whip and wearing a +0 scale mail (moderately wounded, 63% to hit)
You throw a throwing net.
The throwing net barely misses the orc priest.
The orc priest hits you but does no damage.
Throw: 3 throwing nets
Press: ? - help, Q - select action, (/) - cycle Shift-Dir - straight line, f/p - orc priest
Aim: an orc priest, wielding a +0 whip and wearing a +0 scale mail (moderately wounded, 63% to hit)
You throw a throwing net. The throwing net hits the orc priest.
The orc priest is caught in the net!
The orc priest is moderately wounded.
The orc priest struggles against the net.
You hit the orc priest but do no damage.
The orc priest is moderately wounded.
The orc priest looks encouraged for a moment.
The orc priest struggles against the net.
You hit the orc priest.
The orc priest is heavily wounded.
You catch the helpless orc priest completely off-guard!
You puncture the orc priest!
The orc priest is almost dead.
The orc priest invokes the aid of Beogh against you.
Beogh smites you!
You die...

#. #.## #o
##..# #o
##...# #o
#.._.# #.
#....# #.
#.#.##
.######...#
.......o..###
########@...#
####.# .# #


You could see an orc priest (caught).

Vanquished Creatures
  An orc priest (D:2)
  An adder (D:2)
  3 worms (D:2)
  3 orcs
  5 bats
  4 endoplasms
  3 giant cockroaches
  4 goblins (D:1)
  5 hobgoblins
  13 jackals
  5 kobolds
  3 quokkas (D:2)
  5 ball pythons
  2 frilled lizards
  A rat (D:1)
58 creatures vanquished.

Notes
Turn   | Place    | Note
-------+----------+-------------------------------------------
     0 | D:1      | Newt the Demonspawn Gladiator began the quest for the Orb.
     0 | D:1      | Reached XP level 1. HP: 16/16 MP: 1/1
   224 | D:1      | Reached skill level 1 in Stealth
   477 | D:1      | Gained mutation: You are partially covered in thin metallic
                  | scales. (AC +2) [demonic ancestry]
   477 | D:1      | Reached XP level 2. HP: 15/22 MP: 2/2
   711 | D:1      | Reached skill level 3 in Short Blades
  1095 | D:1      | Reached XP level 3. HP: 26/27 MP: 3/3
  1787 | D:2      | Found a shimmering blue altar of Sif Muna.
  1839 | D:2      | Found a faded altar of an unknown god.
  1847 | D:2      | Identified the +3 chain mail of Grace {rN+ SInv}
  2301 | D:2      | Gained mutation: You are mostly covered in thin metallic
                  | scales. (AC +3) [demonic ancestry]
  2301 | D:2      | Reached XP level 4. HP: 33/33 MP: 4/4
  2313 | D:2      | Reached skill level 4 in Short Blades
  2823 | D:3      | Found a snail-covered altar of Cheibriados.
  3226 | D:3      | Killed from afar by an orc priest

Illustrated notes

Levels and vault maps discovered:
D:1:      lightli_arrival_boilingwater, layout_basic
D:2:      layout_basic, basic_altar, hellmonk_ecumenical_altar_crossroads
D:3:      layout_basic, cheibriados_altar_1, lemuel_round_altar,
          mainiacjoe_overflow_chevrons, uniq_robin

Skill      XL: |  1  2  3  4 |
---------------+-------------+-----
Stealth        | 1 2 |  2.0
Short Blades   | 3 4 |  4.0
Fighting       | 3 |  3.1
Throwing       | |  1.7
Dodging        | |  2.6

Action                   |  1- 3 |  4- 6 || total
-------------------------+-------+-------++-------
Melee: Rapier            |   165 |    93 ||   258
 Fire: Sling             |    40 |     3 ||    43
Throw: Throwing net      |       |     2 ||     2
  Use: Scroll            |     2 |       ||     2
 Stab: Sleeping          |     2 |       ||     2
       Held in net/web   |       |     1 ||     1
Armor: Leather armour    |    58 |       ||    58
       Chain mail        |    26 |    72 ||    98
Dodge: Dodged            |   104 |    23 ||   127

Table legend: (Time is in decaauts)
 A = Elapsed time spent in this place.
 B = Non-inter-level travel time spent in this place.
 C = Inter-level travel time spent in this place.
 D = Time resting spent in this place.
 E = Time spent auto-exploring this place.
 F = Levels seen in this place.
 G = Mean time per level.
                   A        B        C        D        E       F      G
               +--------+--------+--------+--------+--------+-----+--------+
         Total |   3248 |   3161 |     87 |   1198 |   1362 |   3 | 1082.7 |
       Dungeon |   3248 |   3161 |     87 |   1198 |   1362 |   3 | 1082.7 |
               +--------+--------+--------+--------+--------+-----+--------+

Top non-repeatable levels by time:
     D:1: 1789 daAuts
     D:2: 1327 daAuts
     D:3: 132 daAuts
